 Dungeon Sprint DCSS version 0.19.1 (webtiles) character file.

3115 dvd the Protected (level 9, -1/91 HPs)
             Began as a Minotaur Fighter on Dec 22, 2016.
             Was a Priest of Okawaru.
             Slain by a skeletal warrior
             ... wielding a +0 glaive
              (31 damage)
             ... in the Dungeon (Sprint II: "The Violet Keep of Menkaure").
             The game lasted 00:06:48 (1201 turns).

dvd the Protected (Minotaur Fighter)                Turns: 1201, Time: 00:06:49

Health: -1/91      AC:  5    Str: 22    XL:     9   Next: 60%
Magic:  7/9        EV: 18    Int:  5    God:    Okawaru [***...]
Gold:   22         SH: 15    Dex: 14    Spells: 0 memorised, 8 levels left

rFire  + . .     SeeInvis .     a - +0 war axe
rCold  + . .     Gourm    .     d - +1 ring mail of Fobar {rElec MR+ Dex+2} (curse)
rNeg   + . .     Faith    .     c - +0 shield
rPois  +         Spirit   .     g - -2 hat of the Alchemist {rElec rPois rF+ rC+ rN+ MR+ rMut rCorr}
rElec  +         Reflect  .     (no cloak)
rCorr  +         Harm     .     (no gloves)
rMut   +         NoTele   +     (no boots)
MR     ++...                    (no amulet)
Stlth  +++.......               (no ring)
                                (no ring)

@: heroism
A: retaliatory headbutt, horns 2, deformed body, MP-powered wands
a: Heroism, Renounce Religion


You were in the Dungeon.
You worshipped Okawaru.
Okawaru was most pleased with you.
You were not hungry.

You visited 1 branch You collected 1071 gold pieces.
You spent 1049 gold pieces at shops.

Inventory:

Hand Weapons
 a - a +0 war axe (weapon)
Armour
 b - a +0 scale mail
 c - a +0 shield (worn)
 d - the cursed +1 ring mail of Fobar (worn) {rElec MR+ Dex+2}
   (You bought it in a shop in the Dungeon)

   It affects your dexterity (+2).
   It insulates you from electricity.
   It affects your resistance to hostile enchantments.
   It has a curse placed upon it.
 g - the -2 hat of the Alchemist (worn) {rElec rPois rF+ rC+ rN+ MR+ rMut rCorr}
   (You bought it in a shop in the Dungeon)

   It protects you from fire.
   It protects you from cold.
   It insulates you from electricity.
   It protects you from poison.
   It protects you from negative energy.
   It affects your resistance to hostile enchantments.
   It protects you from acid and corrosion.
   It protects you from mutation.
Scrolls
 k - a scroll of blinking
Potions
 i - 2 potions of magic
Comestibles
 f - a bread ration
 h - a slice of pizza


   Skills:
 + Level 12.5(17.5) Fighting
 + Level 12.8(17.8) Axes
 + Level 13.6(18.6) Armour
 + Level 5.7(10.7) Dodging
 + Level 1.2(6.2) Stealth
 + Level 12.9(17.9) Shields
 + Level 2.1 Invocations


You had 8 spell levels left.
You didn't know any spells.

Dungeon Overview and Level Annotations

Branches:
Dungeon (1/1)

Altars:
Cheibriados
Dithmenos
Elyvilon
Fedhas
Gozag
Hepliaklqana
Kikubaaqudgha
Makhleb
Nemelex Xobeh
Okawaru
Qazlal
Ru
Sif Muna
Trog
Uskayaw
Vehumet
Xom
Yredelemnul
Zin
The Shining One
Beogh
Jiyva
Lugonu

Shops:
D :[[=}((!:![=[?[%

Annotations:
D exclusion: oklob plant, Kirke


Innate Abilities, Weirdness & Mutations

You reflexively headbutt those who attack you in melee.
You have a pair of horns on your head.
Armour fits poorly on your strangely shaped body.
You expend magic power (3 MP) to strengthen your wands.


Message History

You block the skeletal warrior's attack.
You slash the yaktaur captain!
The yaktaur captain is almost dead.
The yaktaur captain hits you!!
* * * LOW HITPOINT WARNING * * *
You slice the yaktaur captain!!
You kill the yaktaur captain!
Okawaru is honoured by your kill.
Your base Axes skill increases to level 12!
Your Invocations skill increases to level 2!
You block the skeletal warrior's attack.
Unknown command.
Kirke shouts, "You pig!
I'll make you look the way you deserve."
Kirke hits you but does no damage.
Things that are here:
an uncursed arbalest; 19 bolts Unknown command.
You feel better.
The skeletal warrior hits you with a glaive!!
You die...

#### #5cz#### ≈ #YK@@.≈##
§≈ ############(≈#+++#++
###########≈≈≈.......
##.....∩.∩#≈≈≈≈.##+##..
##....∩.∩.#≈≈≈≈##.#.##.####
##...∩.∩..#≈≈≈≈#..#..# ...#
##..∩.∩...#≈≈####.#.####..#
##.⌠.∩....#≈##.###'###.##..
##..∩.∩...#≈#.#.##.##..##..


You could see Kirke, an elephant, a skeletal warrior, a centaur warrior, a
kobold demonologist and an iron imp.

Vanquished Creatures
  A yaktaur captain (D)
  A yaktaur (D)
  3 polar bears (D)
  A hornet (D)
  2 tyrant leeches (D)
  2 hippogriffs (D)
  3 neqoxecs (D)
  A crocodile (D)
  A scorpion (D)
  4 worker ants (D)
19 creatures vanquished.

Vanquished Creatures (others)
  A neqoxec (D)
  Menkaure (D)
  A crocodile (D)
3 creatures vanquished.

Grand Total: 22 creatures vanquished

Notes
Turn   | Place    | Note
-------+----------+-------------------------------------------
     0 | D        | dvd the Minotaur Fighter began the quest for the Orb.
     0 | D        | Reached XP level 1. HP: 19/19 MP: 0/0
     1 | D        | Noticed a hippogriff
     1 | D        | Noticed a hippogriff
     4 | D        | Noticed a tyrant leech
     4 | D        | Noticed a tyrant leech
     7 | D        | Noticed a worker ant
     7 | D        | Noticed a worker ant
     7 | D        | Noticed a worker ant
     7 | D        | Noticed a worker ant
    17 | D        | Killed a worker ant
    17 | D        | Reached skill level 5 in Armour
    17 | D        | Reached skill level 5 in Shields
    17 | D        | Reached XP level 2. HP: 24/28 MP: 1/1
    20 | D        | Reached skill level 5 in Fighting
    20 | D        | Reached skill level 6 in Armour
    20 | D        | Reached XP level 3. HP: 26/36 MP: 2/2
    22 | D        | Reached skill level 1 in Dodging
    22 | D        | Reached XP level 4. HP: 30/44 MP: 3/3
    39 | D        | Killed Menkaure
   149 | D        | Killed a crocodile
   266 | D        | Found a stormy altar of Qazlal.
   266 | D        | Found a shimmering altar of Xom.
   267 | D        | Found a hazy altar of Hepliaklqana.
   267 | D        | Found a sacrificial altar of Ru.
   268 | D        | Found a roughly hewn altar of Beogh.
   268 | D        | Found a viscous altar of Jiyva.
   268 | D        | Found a deep blue altar of Sif Muna.
   269 | D        | Found a snail-covered altar of Cheibriados.
   269 | D        | Found an ancient bone altar of Kikubaaqudgha.
   269 | D        | Found a basalt altar of Yredelemnul.
   269 | D        | Found a bloodstained altar of Trog.
   270 | D        | Found a shadowy altar of Dithmenos.
   270 | D        | Found a corrupted altar of Lugonu.
   271 | D        | Found a white marble altar of Elyvilon.
   271 | D        | Found a burning altar of Makhleb.
   272 | D        | Found a blossoming altar of Fedhas.
   274 | D        | Found an opulent altar of Gozag.
   274 | D        | Found a glowing silver altar of Zin.
   274 | D        | Found a hide-covered altar of Uskayaw.
   274 | D        | Found a sparkling altar of Nemelex Xobeh.
   274 | D        | Noticed a hornet
   274 | D        | Noticed a polar bear
   275 | D        | Noticed a polar bear
   275 | D        | Found a glowing golden altar of the Shining One.
   275 | D        | Found a radiant altar of Vehumet.
   275 | D        | Found an iron altar of Okawaru.
   275 | D        | Noticed a yaktaur
   276 | D        | Noticed a polar bear
   278 | D        | Noticed a crocodile
   280 | D        | Noticed a crocodile
   283 | D        | Noticed a flying skull
   283 | D        | Noticed a flying skull
   284 | D        | Became a worshipper of Warmaster Okawaru
   300 | D        | Killed a hornet
   300 | D        | Reached skill level 9 in Armour
   300 | D        | Reached XP level 5. HP: 56/56 MP: 4/4
   300 | D        | Reached XP level 6. HP: 62/62 MP: 5/5
   301 | D        | Killed a polar bear
   301 | D        | Reached skill level 10 in Armour
   301 | D        | Reached XP level 7. HP: 71/71 MP: 6/6
   306 | D        | Killed a polar bear
   306 | D        | Reached * piety under Okawaru
   306 | D        | Reached skill level 10 in Fighting
   306 | D        | Reached skill level 11 in Armour
   306 | D        | Reached skill level 10 in Shields
   311 | D        | Killed a polar bear
   314 | D        | Killed a yaktaur
   314 | D        | Reached skill level 12 in Armour
   314 | D        | Reached XP level 8. HP: 46/82 MP: 7/7
   486 | D        | Gained mutation: Armour fits poorly on your strangely shaped body. [a neqoxec]
   494 | D        | Gained mutation: You expend magic power (3 MP) to strengthen your wands. [a neqoxec]
   499 | D        | Reached skill level 10 in Axes
   501 | D        | Reached ** piety under Okawaru
   658 | D        | Killed a hippogriff
   663 | D        | Killed a hippogriff
   663 | D        | Reached skill level 13 in Armour
   731 | D        | Killed a tyrant leech
   731 | D        | Reached XP level 9. HP: 16/90 MP: 4/8
   740 | D        | Killed a tyrant leech
   740 | D        | Reached skill level 1 in Invocations
  1066 | D        | Found Xoyjahou's Antique Armour Emporium.
  1067 | D        | Found Baomauna's Distillery.
  1067 | D        | Found Funosox's Book Emporium.
  1067 | D        | Found Ysuver's Gadget Shoppe.
  1067 | D        | Found Putog's Distillery.
  1067 | D        | Found Codder Too's Jewellery Shoppe.
  1067 | D        | Found Ducs's Jewellery Emporium.
  1067 | D        | Found Risubbeo's Magic Scroll Shoppe.
  1067 | D        | Found Wofi's Antique Weapon Emporium.
  1067 | D        | Found Cinemuipn's Food Shoppe.
  1067 | D        | Found Imyrie's Armour Emporium.
  1068 | D        | Found Gismiyse's Antique Armour Shoppe.
  1068 | D        | Found Fittiet's Antique Armour Emporium.
  1069 | D        | Found Ydaph's Armour Shoppe.
  1069 | D        | Found Bemnaan's Weapon Emporium.
  1070 | D        | Noticed an oklob plant
  1071 | D        | Found Biec's Book Shoppe.
  1074 | D        | Noticed a death yak
  1096 | D        | Bought a jewelled ring mail for 162 gold pieces
  1096 | D        | Bought the -2 hat of the Alchemist {rElec rPois rF+ rC+ rN+ MR+ rMut rCorr} for 849 gold pieces
  1106 | D        | Identified the cursed +1 ring mail of Fobar {rElec MR+ Dex+2} (You bought it in a shop in the Dungeon)
  1116 | D        | Bought a slice of pizza for 19 gold pieces
  1116 | D        | Bought a slice of pizza for 19 gold pieces
  1125 | D        | Reached skill level 5 in Dodging
  1125 | D        | Reached skill level 1 in Stealth
  1189 | D        | Noticed an elephant
  1189 | D        | Noticed a centaur warrior
  1189 | D        | Noticed Kirke
  1189 | D        | Noticed a kobold demonologist
  1189 | D        | Noticed a skeletal warrior
  1189 | D        | Noticed a yaktaur captain
  1199 | D        | Killed a yaktaur captain
  1199 | D        | Reached *** piety under Okawaru
  1201 | D        | Slain by a skeletal warrior

Skill      XL: |  1  2  3  4  5  6  7  8  9 |
---------------+----------------------------+-----
Fighting       | 4 5 8 9 11 12 | 12.5
Axes           | 3 4 6 7 9 11 12 | 12.8
Armour         | 5 6 9 10 12 13 | 13.6
Shields        | 5 6 8 9 11 12 | 12.9
Dodging        | 1 2 3 4 5 |  5.7
Invocations    | 2 |  2.1
Stealth        | 1 |  1.2

Action                   |  1- 3 |  4- 6 |  7- 9 || total
-------------------------+-------+-------+-------++-------
Melee: War axe           |    12 |     6 |    80 ||    98
       Headbutt          |     3 |     2 |    14 ||    19
Invok: Heroism           |       |       |     5 ||     5
  Use: Potion            |     2 |     2 |     1 ||     5
  Eat: Pizza             |       |       |     1 ||     1
Armor: Scale mail        |     3 |     2 |    12 ||    17
       Ring mail         |       |       |     2 ||     2
Dodge: Dodged            |     1 |     2 |    25 ||    28
Block: Shield            |     4 |     4 |    39 ||    47
